 Dungeon Crawl Stone Soup version 0.20-a0-629-gc37eb77 (webtiles) character file.

161 nubinia the Magician (level 5, -1/28 HPs)
             Began as a Deep Elf Air Elementalist on Feb 10, 2017.
             Slain by a gnoll
             ... wielding a +2 halberd of flaming
              (19 damage)
             ... on level 3 of the Dungeon.
             The game lasted 00:11:56 (3249 turns).

nubinia the Magician (Deep Elf Air Elementalist)    Turns: 3249, Time: 00:11:56

Health: -1/28      AC:  2    Str:  5    XL:     5   Next: 19%
Magic:  14/14      EV: 13    Int: 21    God:
Gold:   90         SH:  0    Dex: 15    Spells: 3/13 levels left

rFire    . . .     SeeInvis .   r - +2 short sword (speed)
rCold    . . .     Gourm    .   a - +0 robe
rNeg     . . .     Faith    .   (no shield)
rPois    .         Spirit   .   (no helmet)
rElec    .         Reflect  .   (no cloak)
rCorr    .         Harm     .   (no gloves)
MR       .....                  (no boots)
Stlth    ++........             (no amulet)
Regen    0.1/turn               (no ring)
                                (no ring)

@: no status effects
A: no striking features
a: no special abilities


You were on level 3 of the Dungeon.
You were not hungry.

You visited 1 branch of the dungeon, and saw 3 of its levels.

You collected 90 gold pieces.

Inventory:

Hand Weapons
 g - a +0 short sword
 r - a +2 short sword of speed (weapon)
 s - a +3 short sword
Armour
 a - a +0 robe (worn)
Jewellery
 e - an uncursed ring of ice
 h - an uncursed amulet of harm {unknown}
 t - a +2 ring of strength {unknown}
Wands
 m - a wand of random effects (12/48)
Scrolls
 f - a scroll of immolation {unknown}
 i - 2 scrolls of amnesia {unknown}
 k - a scroll of enchant armour {unknown}
 l - 2 scrolls of identify {unknown}
 n - a scroll of teleportation {unknown}
 o - a scroll of remove curse {unknown}
 p - a scroll of random uselessness {unknown}
Books
 b - a book of Air

   Spells                             Type                      Level
   a - Shock                          Conjuration/Air              1
   b - Swiftness                      Charms/Air                   2
   c - Static Discharge               Conjuration/Air              3
   d - Airstrike                      Air                          4
   e - Lightning Bolt                 Conjuration/Air              5
Comestibles
 c - 4 bread rations
 j - 4 fruits
 q - a meat ration


   Skills:
 + Level 0.1 Fighting
 + Level 3.2 Dodging
 + Level 3.0 Stealth
 + Level 4.8 Spellcasting
 + Level 2.6 Conjurations
 + Level 3.9 Air Magic


You had 3 spell levels left.
You knew the following spells:

 Your Spells              Type           Power        Failure   Level  Hunger
a - Shock                 Conj/Air       ###.         3%          1    None
b - Airstrike             Air            ###.......   24%         4    ####...
c - Static Discharge      Conj/Air       ###.....     12%         3    ##.....
d - Swiftness             Chrm/Air       ##......     10%         2    None


Dungeon Overview and Level Annotations

Branches:
Dungeon (3/15)

Altars:
Kikubaaqudgha
Vehumet

Annotations:
D:3 Sigmund


Message History

Confirm with . or Enter, or press ? or * to list all spells.
You feel quick.
Sigmund gestures wildly while chanting.
Sigmund flickers and vanishes!
Deactivating autopickup; reactivate with Ctrl-A.
There is an open door here.
You close the door.
The gnoll shouts!
The gnoll closely misses you.
You start to feel a little slower.
There is an open door here.
You feel sluggish. The gnoll barely misses you. The gnoll misses you.
You start to feel a little faster.
The gnoll barely misses you.
You no longer feel sluggish.
The gnoll hits you from afar with a halberd of flaming!!
Ouch! That really hurt!
You die...

###.## #.# .# # #.# #.# #.##. #.#
# #.# #.# #.##.###.# ###'## #.#
#.# ..##.# ##...## #.# #.# #.##.#
#.....## #####.# #.# #.##.#
.......###.....# #.###..#รท# #
........##.#...#######........###
........'.......@.g.............'
...#....##.#...###########...####
#.###..###.##.##### #..## #
...#...##...###...# #.##
._.....##.........# #.#
...#...##...###...# #.#
#.###.####### ##.## #.#
...#..####### #.# #.#
............# #[# #.######


You could see a gnoll.

Vanquished Creatures
  An orc priest (D:3)
  3 gnolls (D:3)
  2 adders (D:2)
  A worm (D:2)
  A leopard gecko (D:1)
  4 orcs (D:3)
  11 bats
  7 giant cockroaches
  9 goblins
  10 hobgoblins
  A jackal (D:2)
  8 kobolds
  3 quokkas
  5 frilled lizards
  6 rats
72 creatures vanquished.

Vanquished Creatures (others)
  A human (D:3)
1 creature vanquished.

Grand Total: 73 creatures vanquished

Notes
Turn   | Place    | Note
-------+----------+-------------------------------------------
     0 | D:1      | nubinia the Deep Elf Air Elementalist began the quest for the Orb.
     0 | D:1      | Reached XP level 1. HP: 10/10 MP: 6/6
   229 | D:1      | Reached XP level 2. HP: 15/15 MP: 2/8
   359 | D:1      | Learned a level 2 spell: Swiftness
   675 | D:1      | Reached XP level 3. HP: 19/19 MP: 5/9
   680 | D:1      | Learned a level 3 spell: Static Discharge
  1587 | D:2      | Reached skill level 4 in Spellcasting
  1727 | D:2      | Found a faded altar of an unknown god.
  2077 | D:2      | Reached XP level 4. HP: 9/24 MP: 0/12
  2619 | D:3      | Found an ancient bone altar of Kikubaaqudgha.
  2620 | D:3      | Noticed a human
  2622 | D:3      | Killed a human
  2803 | D:3      | Learned a level 4 spell: Airstrike
  2824 | D:3      | Found a radiant altar of Vehumet.
  2953 | D:3      | Reached XP level 5. HP: 22/28 MP: 8/14
  2953 | D:3      | HP: 1/28 [gnoll/halberd of flaming (5)]
  3050 | D:3      | Noticed Sigmund
  3249 | D:3      | Slain by a gnoll

Vault maps used:
D:1:      saegor_arrival_simple_a
D:2:      first_bread, chequers_ecumenical_altar_simple, hex_tiny,
          minmay_heptomino_d4
D:3:      grunt_temple_overflow_champion_of_chaos, vehumet_crystals,
          tgw_kikubaaqudgha, uniq_sigmund

Skill      XL: |  1  2  3  4 |
---------------+-------------+-----
Dodging        | 3 |  3.2
Conjurations   | 2 |  2.6
Spellcasting   | 4 |  4.8
Stealth        | 3 |  3.0
Fighting       | |  0.1
Air Magic      | |  3.9

Action                   |  1- 3 |  4- 6 || total
-------------------------+-------+-------++-------
Melee: Unarmed           |     4 |       ||     4
       Short sword       |    41 |     4 ||    45
 Cast: Shock             |    94 |    51 ||   145
       Swiftness         |       |     2 ||     2
  Use: Potion            |     2 |       ||     2
 Stab: Sleeping          |     1 |     1 ||     2
  Eat: Chunk             |     3 |     4 ||     7
Armor: Robe              |    13 |     9 ||    22
Dodge: Dodged            |    42 |    36 ||    78
